 Dungeon Crawl Stone Soup version 0.29-a0-91-gdebf4667c2 (webtiles) character file.

Game seed: 5065153444612663429

47 enile the Sneak (level 3, 0/16 HPs)
             Began as a Felid Enchanter on Feb 8, 2022.
             Was a Believer of Nemelex Xobeh.
             Constricted to death by a ball python (1 damage)
             ... on level 2 of the Dungeon.
             The game lasted 00:03:26 (2041 turns).

enile the Sneak (Felid Enchanter)                   Turns: 2041, Time: 00:03:27

Health: 0/16       AC:  1    Str:  4    XL:     3   Next: 48%
Magic:  6/7        EV: 14    Int: 21    God:    Nemelex Xobeh [**....]
Gold:   24         SH:  0    Dex: 16    Spells: 1/6 levels left
                                        Lives:  0   Deaths: 0

rFire   . . .      SeeInvis +     - Unarmed
rCold   . . .      Faith    .   (shield unavailable)
rNeg    . . .      Spirit   .   (armour unavailable)
rPois   .          Reflect  .   (helmet unavailable)
rElec   .          Harm     .   (cloak unavailable)
rCorr   +          Rampage  .   (gloves unavailable)
Will    +....                   (boots unavailable)
Stlth   +++.......              g - amulet "Dafaughaj" {RegenMP Will+ Int+3}
HPRegen 0.05/turn               f - ring of resist corrosion
MPRegen 0.50/turn               (no ring)

@: constricted, quick
A: very small, claws 1, fangs 3, see invisible, speed 1, shaggy fur 1, stealthy
paws, no weapons or thrown items, no armour, multi-lived
a: Renounce Religion, Draw Escape, Draw Destruction, Draw Summoning


You were on level 2 of the Dungeon.
You worshipped Nemelex Xobeh.
Nemelex Xobeh was pleased with you.
You visited 1 branch of the dungeon, and saw 2 of its levels.

You collected 24 gold pieces.

Inventory:

Jewellery
 f - a ring of resist corrosion (left paw)
 g - the amulet "Dafaughaj" (around neck) {RegenMP Will+ Int+3}
   (You found it on level 2 of the Dungeon)

   [amulet of magic regeneration]

   It increases your rate of magic regeneration.
   Int:       It affects your intelligence (+3).
   Will:      It increases your willpower.
Wands
 k - a wand of acid (7)
Scrolls
 b - a scroll of teleportation {unknown}
 d - a scroll of fear {unknown}
 h - a scroll of silence {unknown}
 j - a scroll of enchant weapon {unknown}
Potions
 a - a potion of invisibility
 c - a potion of flight {unknown}
 e - a potion of resistance {unknown}
 i - 2 potions of curing {unknown}


   Skills:
 - Level 2.0 Fighting
 - Level 2.6 Dodging
 + Level 5.5 Stealth
 - Level 1.0 Unarmed Combat
 - Level 2.0 Spellcasting
 - Level 4.4 Hexes


You had one spell level left.
You knew the following spells:

 Your Spells              Type           Power      Damage    Failure   Level
a - Tukima's Dance        Hex            20%        N/A       8%          3
b - Ensorcelled Hibernat  Hex/Ice        22%        N/A       9%          2

Your spell library contained the following spells:

 Spells                   Type           Power      Damage    Failure   Level
 Confusing Touch          Hex            20%        N/A       8%          3
 Dazzling Flash           Conj/Hex       22%        N/A       19%         3


Dungeon Overview and Level Annotations

Branches:
Dungeon (2/15)

Altars:
Nemelex Xobeh


Innate Abilities, Weirdness & Mutations

You have sharp claws.
You have razor-sharp teeth.
You have supernaturally acute eyesight. (SInv)
You cover ground quickly. (Speed+)
You are covered in fur. (AC +1)
Your paws help you pounce on unaware monsters.
You are incapable of wielding weapons or throwing items.
You cannot wear armour.
You gain extra lives every three experience levels.


Message History

The ball python is severely wounded.
The ball python barely misses you. The ball python constricts you.
You barely miss the ball python.
You claw the ball python, but do no damage.
The ball python is severely wounded.
The ball python bites you. The ball python constricts you.
Casting: Tukima's Dance (extremely dangerous; 8% risk of failure)
Confirm with . or Enter, or press ? or * to list all spells.
Aiming: Ensorcelled Hibernation (safe; 9% risk of failure)
Press: ? - help, Shift-Dir - straight line, f - ball python
Aim: a ball python (heavily wounded, constricting you, chance to affect: 62%)
The ball python resists with significant effort.
The ball python closely misses you. The ball python constricts you.
* * * LOW HITPOINT WARNING * * *
The ball python bites you but does no damage.
The ball python constricts you.
* * * LOW HITPOINT WARNING * * *
You escape the ball python's grasp.
Casting: Ensorcelled Hibernation (safe; 9% risk of failure)
Confirm with . or Enter, or press ? or * to list all spells.
Aiming: Ensorcelled Hibernation (safe; 9% risk of failure)
Press: ? - help, Shift-Dir - straight line, f/p - ball python
Aim: a ball python (heavily wounded, chance to affect: 62%)
The ball python resists with significant effort.
There is an open door here.
Casting: Ensorcelled Hibernation (safe; 9% risk of failure)
Confirm with . or Enter, or press ? or * to list all spells.
Aiming: Ensorcelled Hibernation (safe; 9% risk of failure)
Press: ? - help, Shift-Dir - straight line, f/p - ball python
Aim: a ball python (moderately wounded, chance to affect: 62%)
The ball python resists with significant effort.
The ball python bites you.
* * * LOW HITPOINT WARNING * * *
The ball python grabs you. The ball python constricts you.
* * * LOW HITPOINT WARNING * * *
You closely miss the ball python.
The ball python is moderately wounded.
The ball python completely misses you. The ball python constricts you.
You die...
Your body glows slightly and disappears.

#..# #..########<##
##.###.## #.#
#.....# #.# ##.####
##+## #.# ##...##
#.#### ##.....##
#.##.## ##.......##
#.#...####.........#
#..@S....'.........+
#.#...####.........#
#.##.## ##.......##
#.#### ##.....## #.#
##...## #.# ##+## ##
... #... .. #.. #..#
#. #..## #.


You could see a ball python.

Vanquished Creatures
  A worm (D:2)
  A dart slug (D:1)
  5 endoplasms
  3 giant cockroaches
  A hobgoblin (D:1)
  8 jackals (D:1)
  A quokka (D:2)
  6 ball pythons
  4 bats
  2 frilled lizards (D:1)
  2 goblins (D:1)
  A kobold (D:2)
  3 rats (D:1)
38 creatures vanquished.

Notes
Turn   | Place    | Note
-------+----------+-------------------------------------------
     0 | D:1      | enile the Felid Enchanter began the quest for the Orb.
     0 | D:1      | Reached XP level 1. HP: 7/7 MP: 4/4
    42 | D:1      | Found a faded altar of an unknown god.
    47 | D:1      | Reached skill level 1 in Fighting
    70 | D:1      | Prayed at the altar of an unknown god.
    70 | D:1      | Became a worshipper of Nemelex Xobeh the Trickster
    70 | D:1      | Reached * piety under Nemelex Xobeh
   255 | D:1      | Reached XP level 2. HP: 13/13 MP: 6/6
   255 | D:1      | Received a gift from Nemelex Xobeh
   668 | D:1      | Reached XP level 3. HP: 13/16 MP: 7/7
   721 | D:1      | Learned a level 3 spell: Tukima's Dance
   724 | D:1      | Learned a level 2 spell: Ensorcelled Hibernation
  1032 | D:2      | Reached skill level 5 in Stealth
  1326 | D:2      | Reached ** piety under Nemelex Xobeh
  1399 | D:2      | Received a gift from Nemelex Xobeh
  1761 | D:2      | Identified the amulet "Dafaughaj" {RegenMP Will+ Int+3}
  1816 | D:2      | Received a gift from Nemelex Xobeh
  2041 | D:2      | Constricted to death by a ball python

Illustrated notes

Levels and vault maps discovered:
D:1:      scummos_arrival_star, layout_basic,
          hellmonk_ecumenical_altar_lost_god, chequers_hall_statues_wall_a,
          minivault_25
D:2:      layout_loops_corners

Skill      XL: |  1  2  3 |
---------------+----------+-----
Fighting       | 1 2 |  2.0
Stealth        | 5 |  5.5
Dodging        | |  2.6
Unarmed Combat | |  1.0
Spellcasting   | |  2.0
Hexes          | |  4.4

Action                   || total
-------------------------++-------
Melee: Unarmed           ||   102
       Bite              ||    10
       Punch             ||     3
 Cast: Ensorcelled Hiber ||    12
Invok: Draw Destruction  ||     1
 Stab: Sleeping          ||    14
Armor: Skin              ||    10
Dodge: Dodged            ||    67

Table legend: (Time is in decaauts)
 A = Elapsed time spent in this place.
 B = Non-inter-level travel time spent in this place.
 C = Inter-level travel time spent in this place.
 D = Time resting spent in this place.
 E = Time spent auto-exploring this place.
 F = Levels seen in this place.
 G = Mean time per level.
                   A        B        C        D        E       F      G
               +--------+--------+--------+--------+--------+-----+--------+
         Total |   1848 |   1842 |      6 |      0 |   1532 |   2 |  924.0 |
       Dungeon |   1848 |   1842 |      6 |      0 |   1532 |   2 |  924.0 |
               +--------+--------+--------+--------+--------+-----+--------+

Top non-repeatable levels by time:
     D:2: 949 daAuts
     D:1: 899 daAuts
